 Dungeon Crawl Stone Soup version 0.27-a0-1136-g0b992a5a9d (webtiles) character file.

Game seed: 11288031480725012819

296 robertstho the Skirmisher (level 6, -3/49 HPs)
             Began as a Demonspawn Abyssal Knight on May 5, 2021.
             Was a Believer of Lugonu.
             Slain by an orc
             ... wielding a +0 dagger
              (4 damage)
             ... on level 3 of the Dungeon.
             The game lasted 00:04:16 (3676 turns).

robertstho the Skirmisher (DsAK)                    Turns: 3676, Time: 00:04:16

Health: -3/49      AC:  7    Str: 14    XL:     6   Next: 12%
Magic:  8/9        EV: 10    Int: 14    God:    Lugonu [**....]
Gold:   94         SH:  0    Dex: 12    Spells: 5/5 levels left

rFire    . . .     SeeInvis .   a - +1 spear
rCold    . . .     Faith    .   (no shield)
rNeg     . . .     Spirit   .   c - +0 ring mail
rPois    .         Reflect  .   (no helmet)
rElec    .         Harm     .   (no cloak)
rCorr    .         Rampage  .   (no gloves)
Will     .....                  h - +0 pair of boots
Stlth    +.........             (no amulet)
HPRegen  0.16/turn              (no ring)
MPRegen  0.11/turn              (no ring)

@: mighty, brilliant
A: claws 1, demonic guardian 2, sharp scales 1
a: Renounce Religion, Depart the Abyss, Bend Space


You were on level 3 of the Dungeon.
You worshipped Lugonu.
Lugonu was pleased with you.
You visited 1 branch of the dungeon, and saw 3 of its levels.
You visited the Abyss 1 time.

You collected 94 gold pieces.

Inventory:

Hand Weapons
 a - a +1 spear (weapon)
Armour
 c - a +0 ring mail (worn)
 h - a +0 pair of boots (worn)
Jewellery
 d - an amulet of magic regeneration
 g - a ring of wizardry
Scrolls
 b - a scroll of amnesia {unknown}
 i - 3 scrolls of magic mapping {unknown}
Potions
 f - a potion of might


   Skills:
 * Level 4.3 Fighting
 + Level 3.7 Polearms
 + Level 2.7 Armour
 + Level 1.3 Dodging
 + Level 0.3 Stealth
 * Level 4.1 Invocations


You had 5 spell levels left.
You didn't know any spells.
Your spell library was empty.

Dungeon Overview and Level Annotations

Branches:
Dungeon (3/15)

Altars:

Shops:
D:2 (

Annotations:
D:2 1100 spear


Innate Abilities, Weirdness & Mutations

You have sharp fingernails.
A demonic guardian rushes to your aid.
You are partially covered in razor-sharp scales. (AC +1, Slay +1)


Message History

Lugonu accepts your kill. Something hits you but does no damage.
Something hits you.
* * * LOW HITPOINT WARNING * * *
Things that are here:
a +0 hand axe; a +0 scale mail; an orc corpse You completely miss something.
You closely miss something. Something hits you.
* * * LOW HITPOINT WARNING * * *
A demonic guardian appears!
You closely miss something. Something hits you but does no damage.
You hear some strange, mumbled words.
Something tries to affect you, but you resist.
You hit something. Your hellwing misses something.
Your hellwing hits something. Something hits you.
* * * LOW HITPOINT WARNING * * *
Something hits you but does no damage.
You hit something. Your hellwing hits something. Lugonu accepts your kill.
Reactivating autopickup.
You feel a bit more experienced.
Your Invocations skill increases to level 4!
You completely miss the orc. Your hellwing misses something.
Your hellwing hits something but does no damage.
Something hits you but does no damage.
Deactivating autopickup; reactivate with Ctrl-A.
You barely miss the orc. The orc hits you but does no damage.
Your hellwing hits something. Your hellwing misses something.
Something hits you.
* * * LOW HITPOINT WARNING * * *
It was a potion of might.
You feel very mighty all of a sudden. The orc hits you with a +0 dagger.
* * * LOW HITPOINT WARNING * * *
Your hellwing closely misses something. x2
Something hits you but does no damage.
It was a potion of brilliance.
You feel clever all of a sudden. The orc hits you with a +0 dagger.
You die...

. .. ...
..#### ...#
#o### #@{4#
###.####
#....###
####[..#
###†#####
#.....#
#####.####
###.......#
##.........##


You could see an orc (ally target) and a friendly hellwing (summoned).

Vanquished Creatures
  An orc priest (D:3)
  2 adders (D:2)
  A dart slug (D:1)
  7 orcs
  4 endoplasms (D:1)
  2 giant cockroaches (D:1)
  6 goblins
  4 hobgoblins (D:2)
  2 jackals (D:2)
  3 quokkas (D:2)
  4 ball pythons
  3 bats (D:1)
  A frilled lizard (D:1)
  A kobold (D:1)
  3 rats
44 creatures vanquished.

Vanquished Creatures (collateral kills)
  Sigmund (D:2)
  A phantom (D:2)
  An orc wizard (D:3)
  A dart slug (D:2)
  An orc (D:2)
  2 goblins (D:2)
  A hobgoblin (D:2)
  2 frilled lizards (D:2)
10 creatures vanquished.

Grand Total: 54 creatures vanquished

Notes
Turn   | Place    | Note
-------+----------+-------------------------------------------
     0 | Abyss:1  | robertstho the Demonspawn Abyssal Knight began the quest
                  | for the Orb.
     0 | Abyss:1  | Reached XP level 1. HP: 18/18 MP: 2/2
    90 | Abyss:1  | Noticed a thrashing horror
    95 | D:1      | Escaped the Abyss
   329 | D:1      | Gained mutation: A weak demonic guardian rushes to your
                  | aid. [demonic ancestry]
   329 | D:1      | Reached XP level 2. HP: 24/24 MP: 3/3
   623 | D:1      | Reached * piety under Lugonu
   801 | D:1      | Found a faded altar of an unknown god.
  1252 | D:2      | Gained mutation: A demonic guardian rushes to your aid.
                  | [demonic ancestry]
  1252 | D:2      | Reached XP level 3. HP: 17/30 MP: 3/5
  1393 | D:2      | Noticed a phantom
  1412 | D:2      | Killed a phantom
  1413 | D:2      | Reached skill level 1 in Dodging
  1413 | D:2      | Gained mutation: You have sharp fingernails. [demonic
                  | ancestry]
  1413 | D:2      | Reached XP level 4. HP: 16/37 MP: 6/6
  2453 | D:2      | Found Hatsav's Weapon Shoppe.
  2511 | D:2      | Noticed Sigmund
  2529 | D:2      | Killed Sigmund
  2530 | D:2      | Reached XP level 5. HP: 7/42 MP: 7/7
  3659 | D:3      | Reached ** piety under Lugonu
  3660 | D:3      | Gained mutation: You are partially covered in razor-sharp
                  | scales. (AC +1, Slay +1) [demonic ancestry]
  3660 | D:3      | Reached XP level 6. HP: 25/49 MP: 8/8
  3675 | D:3      | HP: 1/49 [orc/+0 dagger (2)]
  3676 | D:3      | Slain by an orc

Illustrated notes

Levels and vault maps discovered:
D:1:      doesnt_arrival_eight_statues, layout_basic,
          hellmonk_ecumenical_altar_zigzags
D:2:      layout_basic, serial_shops, shop, guppyfry_early_orc_mine,
          uniq_sigmund
D:3:      layout_rooms, pf_just_have_faith, st_stairs_5, minmay_misc_feat_cross,
          minmay_misc_feat_plants, interstate_on_off, uniq_crazy_yiuf_cottage

Skill      XL: |  1  2  3  4  5  6 |
---------------+-------------------+-----
Armour         | 2 |  2.7
Polearms       | 2 3 |  3.7
Dodging        | 1 |  1.3
Invocations    | 3 4 |  4.1
Fighting       | 4 |  4.3
Stealth        | |  0.3

Action                   |  1- 3 |  4- 6 || total
-------------------------+-------+-------++-------
Melee: Spear             |    86 |   147 ||   233
Invok: Depart the Abyss  |     1 |       ||     1
  Use: Potion            |     1 |     2 ||     3
       Scroll            |       |     1 ||     1
 Stab: Sleeping          |     1 |       ||     1
Armor: Leather armour    |    22 |     3 ||    25
       Ring mail         |       |    30 ||    30
Dodge: Dodged            |    31 |    74 ||   105

Table legend: (Time is in decaauts)
 A = Elapsed time spent in this place.
 B = Non-inter-level travel time spent in this place.
 C = Inter-level travel time spent in this place.
 D = Time resting spent in this place.
 E = Time spent auto-exploring this place.
 F = Levels seen in this place.
 G = Mean time per level.
                   A        B        C        D        E       F      G
               +--------+--------+--------+--------+--------+-----+--------+
         Total |   3668 |   3506 |    162 |    556 |   2531 |   4 |  917.0 |
       Dungeon |   3573 |   3411 |    162 |    556 |   2441 |   3 | 1191.0 |
         Abyss |     95 |     95 |      0 |      0 |     90 |   1 |   95.0 |
               +--------+--------+--------+--------+--------+-----+--------+

Top non-repeatable levels by time:
     D:2: 2324 daAuts
     D:1: 1053 daAuts
     D:3: 195 daAuts
 Abyss:1: 95 daAuts
